 Dungeon Crawl Stone Soup version 0.23.2-1-ga50397a6bc (webtiles) character file.

Game seed: 11930279852352210982

187462 OMOHnopBeT the Warrior (level 17, -9/158 HPs)
             Began as a Minotaur Berserker on May 4, 2019.
             Was a High Priest of Trog.
             Killed by divine providence
             ... invoked by an orc priest
              (14 damage)
             ... on level 2 of the Orcish Mines on May 5, 2019.
             The game lasted 02:05:41 (25721 turns).

OMOHnopBeT the Warrior (Minotaur Berserker)        Turns: 25721, Time: 02:05:56

Health: -9/158     AC: 24    Str: 34      XL:     17   Next: 45%
Magic:  19/19      EV: 17    Int:  2 (4)  God:    Trog [*****.]
Gold:   1367       SH: 15    Dex: 11      Spells: 16/16 levels left

rFire    + + .     SeeInvis .   y - +9 eveningstar (vamp)
rCold    + . .     Gourm    .   E - +1 shield of Ryentet {+Inv rElec rC+}
rNeg     . . .     Faith    +   V - +2 fire dragon scales
rPois    .         Spirit   .   H - +2 hat
rElec    +         Reflect  .   B - +0 cloak
rCorr    .         Harm     .   Q - +2 pair of gloves
MR       +....                  L - +0 pair of boots
Stlth    ..........             k - amulet of faith
HPRegen  0.36/turn              v - +6 ring of strength
MPRegen  0.16/turn              e - ring of protection from cold

@: about to teleport, marked, berserk cooldown, slowed, studying Staves,
invisible, very slow
A: retaliatory headbutt, horns 2, low mp 1
}: 1/15 runes: decaying
a: Berserk, Trog's Hand, Brothers in Arms, Renounce Religion


You were on level 2 of the Orcish Mines.
You worshipped Trog.
Trog was extremely pleased with you.
You were near starving.

You visited 5 branches of the dungeon, and saw 26 of its levels.
You also visited: Ice Cave.

You collected 2452 gold pieces.
You spent 1085 gold pieces at shops.

Inventory:

Hand Weapons
 y - a +9 vampiric eveningstar (weapon)
 R - the +8 flail "Neeshrev" {elec, rPois}
   (You found it on level 11 of the Dungeon)

   Occasionally, upon striking a foe, it will discharge some electrical energy
   and cause terrible harm.
   It protects you from poison.
Armour
 B - a +0 cloak (worn)
 E - the +1 shield of Ryentet (worn) {+Inv rElec rC+}
   (You acquired it on level 6 of the Dungeon)

   It protects you from cold.
   It insulates you from electricity.
   It lets you turn invisible.
 H - a +2 hat (worn)
 L - a +0 pair of boots (worn)
 Q - a +2 pair of gloves (worn)
 V - +2 fire dragon scales (worn)
Jewellery
 e - a ring of protection from cold (right hand)
 j - an uncursed amulet of the gourmand
 k - an amulet of faith (around neck)
 p - a +3 ring of protection
 v - a +6 ring of strength (left hand)
 A - an uncursed ring of protection from fire
Wands
 n - a wand of random effects (24)
 C - a wand of acid (30)
 F - a wand of iceblast (22)
 U - a wand of clouds (4)
Scrolls
 b - 4 scrolls of fear
 d - 18 scrolls of remove curse
 f - 3 scrolls of fog
 l - 3 scrolls of teleportation
 w - 3 scrolls of enchant weapon
 x - 2 scrolls of enchant armour
 D - 4 scrolls of magic mapping
Potions
 g - 3 potions of brilliance
 h - 4 potions of haste
 i - 9 potions of mutation
 o - 4 potions of invisibility
 q - 2 potions of resistance
 r - 5 potions of flight
 s - a potion of ambrosia
 z - 5 potions of cancellation
 G - a potion of berserk rage
 I - 5 potions of agility
 K - 2 potions of magic
 N - a potion of might {unknown}
Books
 t - a manual of Staves
Miscellaneous
 P - a lightning rod (4/4)
Comestibles
 a - 26 chunks of flesh
 c - 17 rations


   Skills:
 + Level 16.0 Fighting
   Level 5.7(13.6) Axes
 - Level 15.6(16.0) Maces & Flails
   Level 11.6(12.1) Polearms
 + Level 15.8 Armour
 + Level 14.7 Dodging
 + Level 13.2 Shields
 - Level 8.0 Evocations


You had 16 spell levels left.
You didn't know any spells.
Your spell library was empty.

Dungeon Overview and Level Annotations

Branches:
Dungeon (11/15)            Temple (0/1) D:5            Lair (5/6) D:11
  Swamp (4/4) Lair:2        Snake (4/4) Lair:4        Slime (0/5) Lair:5
    Orc (2/2) D:10
    Elf: Orc:2

Altars:
Ashenzari
Fedhas
Gozag
Hepliaklqana
Kikubaaqudgha
Makhleb
Nemelex Xobeh
Ru
Sif Muna
Vehumet
Yredelemnul
Zin
The Shining One
Beogh
Jiyva

Shops:
D:5 =}   Snake:2 (=

Annotations:
D:10 2 transporters, RKaidSD's ghost, journeyman OgWz
Swamp:1 2 transporters
Swamp:3 exclusion: downstairs, Roxanne


Innate Abilities, Weirdness & Mutations

You reflexively headbutt those who attack you in melee.
You have a pair of horns on your head.
Your magical capacity is low. (-10% MP)


Message History

You block the orc high priest's attack.
The orc sorcerer casts a spell.
The neqoxec gestures at you.
Something tries to feed on your intellect!
The orange demon stings you but does no damage.
Something barely misses you. The orc priest completely misses you.
The orc wizard closely misses you.
Okay, then.
Okay, then.
Okay, then.
Okay, then.
Okay, then.
Okay, then.
You fade into invisibility!
The orc wizard is no longer moving quickly.
Something hits you but does no damage. The orc warrior misses you.
The orc wizard mumbles some strange words.
The orc wizard seems to speed up.
The orc priest calls down the wrath of Beogh upon you.
Beogh smites you!
You die...

#.................
#oo................
#ooo4.....)........
#..................
#.oo..o..)........
##..#.o.5..........
##....o4o5.)..#.##..
#......oo3o......##.
###.....o{@o)[.....#
##.##.#.#4..5#.).#.##
##..#######..##...### #...#.##
######....# ###...##.##
#.#...## #.........#
####....####
####.......#####..........#
#.##.......#..#...........###
#.#.[.......................###


You could see an orc warlord, an orc knight, an orc high priest, 2 orange
demons, a neqoxec, 2 orc sorcerers, a red devil, 5 orc warriors, 5 orc priests,
an orc wizard, a white imp, a shadow imp and an ufetubus.

Vanquished Creatures
  A tentacled monstrosity (Swamp:2)
  Kirke (Snake:1)
  2 thorn hunters (Swamp:4)
  Donald (Swamp:3)
  6 nagarajas
  A stone giant (Orc:2)
  28 naga warriors
  15 hydras
  3 centaur warriors
  9 anacondas
  A two-headed ogre (D:9)
  2 shambling mangroves
  A death yak (Lair:3)
  A death knight (D:11)
  11 alligators
  Erica (D:9)
  6 shock serpents
  3 spriggans
  A tengu warrior (D:11)
  11 naga sharpshooters
  2 orc high priests (Orc:2)
  A salamander mystic (Snake:4)
  A fire crab (shapeshifter) (D:11)
  11 slime creatures
  A sea snake (Snake:2)
  A skeletal warrior (D:11)
  6 naga ritualists
  8 swamp dragons
  3 orc knights
  4 lindwurms
  3 ugly things
  8 salamanders
  3 orc sorcerers (Orc:2)
  7 mana vipers
  A cyclops (D:8)
  A manticore (D:10)
  10 elephants
  2 ice statues (IceCv)
  40 black mambas
  6 guardian serpents
  A torpor snail (Lair:3)
  19 naga magi
  9 spiny frogs
  2 rime drakes
  A centaur skeleton (D:11)
  5 komodo dragons
  3 tyrant leeches
  A polar bear (Lair:2)
  A troll (Orc:2)
  6 bog bodies
  7 hornets
  14 blink frogs
  6 hippogriffs
  2 basilisks
  A shadow (D:11)
  2 wyverns
  The ghost of voshxz the Chopper, an amateur MiBe of Trog (D:3)
  33 yaks
  A hungry ghost (D:11)
  2 hogs (Snake:1)
  A steam dragon (D:10)
  21 vampire mosquitoes
  3 wargs
  6 insubstantial wisps (Swamp:2)
  75 nagas
  A soldier ant (D:11)
  Duvessa (D:5)
  13 swamp worms
  7 swamp drakes
  12 water moccasins
  14 orc warriors
  11 porcupines
  8 ice beasts
  6 sky beasts
  8 ogres
  A phantom (D:11)
  4 black bears
  27 wolves
  3 centaurs
  10 crocodiles
  A big kobold (D:11)
  22 bullfrogs
  Dowan (D:5)
  4 scorpions
  8 wights
  2 crimson imps
  2 centaur zombies
  9 jellies
  16 orc wizards
  12 orc priests
  5 hounds
  4 bullfrog skeletons
  2 iguanas
  9 worker ants
  A hound skeleton (D:6)
  A howler monkey zombie (D:5)
  5 worker ant zombies
  7 adders
  15 gnolls
  5 shadow imps
  12 white imps (Orc:1)
  An ooze (D:3)
  An adder skeleton (D:9)
  7 worms
  A dart slug (D:2)
  5 leopard geckos
  38 orcs
  7 bats
  2 giant cockroaches
  7 goblins
  11 hobgoblins
  10 jackals
  9 kobolds
  6 quokkas
  A ball python (D:4)
  6 frilled lizards
  A jackal zombie (D:6)
  A quokka skeleton (D:5)
  8 rats
  A briar patch (Swamp:4)
839 creatures vanquished.

Vanquished Creatures (collateral kills)
  A nagaraja (Snake:4)
  3 naga warriors
  An orc high priest (Orc:2)
  A naga sharpshooter (Snake:4)
  2 naga ritualists
  2 salamanders (Snake:1)
  A guardian serpent (Snake:1)
  5 nagas
  3 orc warriors (Orc:2)
  An ogre (Orc:2)
  2 wolves (Lair:4)
  An orc priest (Orc:2)
  3 orcs (Orc:2)
26 creatures vanquished.

Vanquished Creatures (others)
  5 humans (Snake:1)
  A spriggan (Swamp:4)
  3 briar patches (Swamp:4)
  10 fungi
  A plant (Lair:2)
20 creatures vanquished.

Grand Total: 885 creatures vanquished

Notes
Turn   | Place    | Note
-------+----------+-------------------------------------------
     0 | D:1      | OMOHnopBeT the Minotaur Berserker began the quest for the
                  | Orb.
     0 | D:1      | Reached XP level 1. HP: 19/19 MP: 0/0
   142 | D:1      | Reached XP level 2. HP: 21/27 MP: 1/1
   648 | D:2      | Reached skill level 4 in Fighting
   648 | D:2      | Reached XP level 3. HP: 30/33 MP: 2/2
   702 | D:2      | Reached ** piety under Trog
   836 | D:2      | Noticed an ogre
   842 | D:2      | Killed an ogre
   842 | D:2      | Reached skill level 5 in Axes
   842 | D:2      | Reached XP level 4. HP: 41/41 MP: 3/3
   903 | D:2      | Reached XP level 5. HP: 47/47 MP: 4/4
  1471 | D:3      | Found a blossoming altar of Fedhas.
  1588 | D:3      | Found a transporter.
  1589 | D:3      | Found a transporter.
  1665 | D:3      | Noticed voshxz's ghost (amateur MiBe)
  1681 | D:3      | Killed voshxz's ghost
  1681 | D:3      | Reached skill level 5 in Fighting
  1681 | D:3      | Reached XP level 6. HP: 16/56 MP: 5/5
  2349 | D:3      | Reached skill level 5 in Armour
  2349 | D:3      | Reached XP level 7. HP: 58/62 MP: 6/6
  2743 | D:4      | Found a hazy altar of Hepliaklqana.
  2818 | D:4      | Found a glowing golden altar of the Shining One.
  3024 | D:5      | Entered Level 5 of the Dungeon
  3038 | D:5      | Reached skill level 6 in Fighting
  3063 | D:5      | Reached skill level 1 in Polearms
  3153 | D:5      | Noticed Duvessa
  3154 | D:5      | Noticed Dowan
  3160 | D:5      | Killed Duvessa
  3160 | D:5      | Reached skill level 5 in Dodging
  3166 | D:5      | Killed Dowan
  3227 | D:5      | Found Zasaumoe's Jewellery Emporium.
  3311 | D:5      | Found a deep blue altar of Sif Muna.
  3311 | D:5      | Found a basalt altar of Yredelemnul.
  3312 | D:5      | Found a sacrificial altar of Ru.
  3398 | D:5      | Reached XP level 8. HP: 71/71 MP: 7/7
  3509 | D:5      | Found a sparkling altar of Nemelex Xobeh.
  3547 | D:5      | Found Toeduq's Gadget Emporium.
  3655 | D:5      | Found a staircase to the Ecumenical Temple.
  3750 | D:6      | Reached skill level 7 in Fighting
  3935 | D:6      | Reached skill level 5 in Polearms
  3994 | D:6      | Identified a scroll of acquirement
  3995 | D:6      | Got a twisted shield
  4003 | D:6      | Identified the +1 shield of Ryentet {+Inv rElec rC+} (You
                  | acquired it on level 6 of the Dungeon)
  4076 | D:6      | Found a burning altar of Makhleb.
  4757 | D:7      | Found a shattered altar of Ashenzari.
  4817 | D:7      | Reached XP level 9. HP: 79/79 MP: 8/8
  4942 | D:7      | Reached *** piety under Trog
  5465 | D:8      | Reached skill level 8 in Fighting
  5483 | D:8      | Noticed a cyclops
  5490 | D:8      | Killed a cyclops
  5588 | D:8      | Found an opulent altar of Gozag.
  5747 | D:8      | Found a glowing silver altar of Zin.
  6177 | D:9      | Reached XP level 10. HP: 90/90 MP: 9/9
  6184 | D:9      | Reached skill level 9 in Fighting
  6366 | D:9      | Found an ancient bone altar of Kikubaaqudgha.
  6391 | D:9      | Reached skill level 10 in Polearms
  6570 | D:9      | Noticed Erica
  6576 | D:9      | Killed Erica
  6654 | D:9      | Noticed a two-headed ogre
  6660 | D:9      | Killed a two-headed ogre
  6744 | D:10     | Entered Level 10 of the Dungeon
  6782 | D:10     | Noticed RKaidSD's ghost (journeyman OgWz)
  6794 | D:10     | Reached skill level 10 in Fighting
  6801 | D:10     | Found a transporter.
  6965 | D:10     | Found a transporter.
  6965 | D:10     | Noticed a centaur warrior
  6975 | D:10     | Killed a centaur warrior
  6975 | D:10     | Reached XP level 11. HP: 99/99 MP: 10/10
  7099 | D:10     | Reached **** piety under Trog
  7209 | D:10     | Found a staircase to the Orcish Mines.
  7338 | D:11     | Got an ichor-stained flail
  7341 | D:11     | Identified the +8 flail "Neeshrev" {elec, rPois} (You found
                  | it on level 11 of the Dungeon)
  7415 | D:11     | Reached skill level 10 in Armour
  7741 | D:11     | Reached skill level 1 in Maces & Flails
  7815 | D:11     | Found a staircase to the Lair.
  7846 | D:11     | Noticed a white ugly thing
  7856 | D:11     | Killed a white ugly thing
  7856 | D:11     | Reached skill level 1 in Shields
  7956 | D:11     | Reached skill level 1 in Evocations
  7962 | D:11     | Paralysed by a kobold for 2 turns
  8025 | D:11     | Noticed a skeletal warrior
  8037 | D:11     | Killed a skeletal warrior
  8050 | D:11     | Noticed a centaur warrior
  8052 | D:11     | Noticed an orb spider
  8053 | D:11     | Noticed a tengu warrior
  8053 | D:11     | Identified the +8 hunting sling of the Moon {velocity,
                  | rElec rF++ Str-2}
  8053 | D:11     | Noticed a death knight
  8054 | D:11     | Noticed a centaur warrior
  8055 | D:11     | Noticed a fire crab
  8055 | D:11     | an orb spider changed into a fire crab
  8057 | D:11     | Killed a centaur warrior
  8065 | D:11     | Noticed an orb spider
  8065 | D:11     | a queen bee changed into an orb spider
  8074 | D:11     | Killed a tengu warrior
  8074 | D:11     | an orb spider changed into something unseen
  8081 | D:11     | Killed a centaur warrior
  8087 | D:11     | Killed a death knight
  8087 | D:11     | Reached skill level 5 in Maces & Flails
  8088 | D:11     | Noticed a fire crab
  8094 | D:11     | Killed a fire crab
  8342 | D:11     | Identified the Incunabulum of Darkness and the Glacier
  8528 | D:11     | Reached skill level 11 in Fighting
  8657 | Lair:1   | Entered Level 1 of the Lair of Beasts
  8898 | Lair:1   | Noticed a seven-headed hydra
  8910 | Lair:1   | Killed a seven-headed hydra
  8910 | Lair:1   | Reached XP level 12. HP: 72/110 MP: 13/13
  9215 | Lair:1   | Reached skill level 10 in Dodging
  9569 | Lair:2   | Noticed a seven-headed hydra
  9583 | Lair:2   | Killed a seven-headed hydra
  9842 | Lair:2   | Noticed a six-headed hydra
  9852 | Lair:2   | Killed a six-headed hydra
  9959 | Lair:2   | Found a staircase to the Swamp.
 10110 | Lair:2   | Reached skill level 5 in Shields
 10172 | Lair:2   | Reached ***** piety under Trog
 10483 | Lair:2   | Noticed a six-headed hydra
 10494 | Lair:2   | Killed a six-headed hydra
 10719 | Lair:3   | Noticed a death yak
 10736 | Lair:3   | Killed a death yak
 10827 | Lair:3   | Found a glowing silver altar of Zin.
 10976 | Lair:3   | Reached XP level 13. HP: 100/117 MP: 15/15
 11015 | Lair:3   | Reached skill level 12 in Fighting
 11019 | Lair:3   | Received a gift from Trog
 11893 | Lair:4   | Reached skill level 5 in Evocations
 12015 | Lair:4   | Found a staircase to the Snake Pit.
 12099 | Lair:4   | Reached skill level 10 in Maces & Flails
 13008 | Lair:5   | Found a viscous altar of Jiyva.
 13008 | Lair:5   | Found a staircase to the Slime Pits.
 14162 | Snake:1  | Entered Level 1 of the Snake Pit
 14215 | Snake:1  | Received a gift from Trog
 14238 | Snake:1  | Noticed Kirke
 14249 | Snake:1  | Killed Kirke
 14262 | Snake:1  | Identified the ring of Yjuorchia {*Tele SInv}
 14274 | Snake:1  | Reached XP level 14. HP: 67/127 MP: 15/17
 14808 | Snake:1  | Noticed a nagaraja
 15319 | Snake:1  | Killed a nagaraja
 15319 | Snake:1  | Reached skill level 13 in Fighting
 16135 | Snake:2  | Found Utor's Antique Weapon Shoppe.
 16147 | Snake:2  | Received a gift from Trog
 16505 | Snake:2  | Found Adujad's Jewellery Emporium.
 16508 | Snake:2  | Bought a +6 ring of strength for 760 gold pieces
 16508 | Snake:2  | Bought an uncursed ring of protection from fire for 325
                  | gold pieces
 17173 | Snake:3  | Reached XP level 15. HP: 135/136 MP: 19/19
 17789 | Snake:3  | Reached skill level 10 in Shields
 18412 | Snake:3  | Received a gift from Trog
 18620 | Snake:4  | Entered Level 4 of the Snake Pit
 18640 | Snake:4  | Found a radiant altar of Vehumet.
 18655 | Snake:4  | Reached skill level 14 in Fighting
 18919 | Snake:4  | Noticed a nagaraja
 19146 | Snake:4  | Killed a nagaraja
 19244 | Snake:4  | Noticed a nagaraja
 19255 | Snake:4  | Killed a nagaraja
 19260 | Snake:4  | Noticed a nagaraja
 19280 | Snake:4  | Killed a nagaraja
 19596 | Snake:4  | Noticed a nagaraja
 19609 | Snake:4  | Killed a nagaraja
 19609 | Snake:4  | Reached XP level 16. HP: 147/147 MP: 21/21
 19850 | Snake:4  | Reached skill level 15 in Maces & Flails
 21032 | Swamp:1  | Entered Level 1 of the Swamp
 21242 | Swamp:1  | Found a transporter.
 21508 | Swamp:1  | Reached skill level 15 in Fighting
 21532 | Swamp:1  | Found a transporter.
 22256 | Swamp:2  | Noticed a tentacled monstrosity
 22270 | Swamp:2  | Killed a tentacled monstrosity
 22350 | Swamp:2  | Reached skill level 15 in Armour
 22875 | Swamp:3  | Received a gift from Trog
 22889 | Swamp:3  | Identified Roxanne's Reference Book on the Rocks
 22889 | Swamp:3  | Noticed Roxanne
 22896 | Swamp:3  | Noticed Donald
 22901 | Swamp:3  | Killed Donald
 23598 | Swamp:4  | Entered Level 4 of the Swamp
 23704 | Swamp:4  | Noticed a thorn hunter
 23727 | Swamp:4  | Reached XP level 17. HP: 146/156 MP: 22/22
 24381 | Swamp:4  | Got a decaying rune of Zot
 24618 | Orc:1    | Entered Level 1 of the Orcish Mines
 24693 | Orc:1    | Found a roughly hewn altar of Beogh.
 24720 | Orc:1    | Found a frozen archway.
 24754 | IceCv    | Entered an ice cave
 24774 | IceCv    | Found a transporter.
 24814 | IceCv    | Found a transporter.
 25137 | Orc:2    | Entered Level 2 of the Orcish Mines
 25178 | Orc:2    | Found a radiant altar of Vehumet.
 25659 | Orc:2    | Reached skill level 16 in Fighting
 25680 | Orc:2    | Received a gift from Trog
 25682 | Orc:2    | Gained mutation: Your magical capacity is low. (-10% MP) [a
                  | neqoxec]
 25720 | Orc:2    | HP: 5/158 [orc priest/divine providence (12)]
 25721 | Orc:2    | Killed from afar by an orc priest

Skill      XL: |  1  2  3  4  5  6  7  8  9 10 11 12 13 14 15 16 17 |
---------------+----------------------------------------------------+-----
Axes           | 4 5 |  5.7
Fighting       | 4 5 6 7 8 10 11 12 13 14 15 16 | 16.0
Armour         | 3 4 5 7 8 9 10 11 12 13 14 15 | 15.8
Dodging        | 3 4 5 6 7 9 10 11 12 13 14 | 14.7
Polearms       | 3 6 9 11 | 11.6
Maces & Flails | 5 8 11 13 14 15 | 15.6
Shields        | 3 6 7 9 10 12 13 | 13.2
Evocations     | 2 4 6 7 8 |  8.0

Action                   |  1- 3 |  4- 6 |  7- 9 | 10-12 | 13-15 | 16-18 || total
-------------------------+-------+-------+-------+-------+-------+-------++-------
Melee: Hand axe          |    61 |    84 |       |       |       |       ||   145
       Headbutt          |     7 |    19 |    32 |    82 |   221 |   183 ||   544
       Halberd           |       |    62 |   262 |   140 |       |       ||   464
       Flail             |       |       |       |   310 |   948 |   630 ||  1888
       Eveningstar       |       |       |       |       |       |    99 ||    99
Invok: Berserk           |     1 |     4 |     9 |    12 |    22 |    14 ||    62
       Trog's Hand       |       |     2 |     5 |     7 |    22 |    20 ||    56
       Brothers in Arms  |       |       |       |       |     4 |     5 ||     9
 Abil: Evoke Invisibilit |       |       |       |       |     1 |       ||     1
Evoke: Lightning rod     |       |       |       |       |     7 |     4 ||    11
  Use: Scroll            |     7 |     1 |     9 |    14 |     5 |    20 ||    56
       Potion            |       |       |       |     1 |       |    14 ||    15
 Stab: Sleeping          |     1 |       |       |       |       |       ||     1
       Invisible         |       |       |       |     3 |       |       ||     3
       Confused          |       |       |       |       |       |     1 ||     1
  Eat: Chunk             |    17 |    10 |    39 |    21 |    23 |    31 ||   141
       Ration            |       |       |       |     1 |    11 |     4 ||    16
Armor: Animal skin       |    10 |       |       |       |       |       ||    10
       Ring mail         |       |     8 |       |       |       |       ||     8
       Plate armour      |       |    96 |   159 |   389 |   195 |       ||   839
       Fire dragon scale |       |       |       |       |   221 |   352 ||   573
Dodge: Dodged            |    36 |    62 |    91 |   150 |   402 |   488 ||  1229
Block: Shield            |       |       |       |   229 |   669 |   672 ||  1570
